 Dungeon Crawl Stone Soup version 0.28-a0-32-g8dfe7f97f6 (webtiles) character file.

Game seed: 15580435736828970715

81 sanka the Magician (level 4, 0/33 HPs)
             Began as a Djinni Summoner on July 27, 2021.
             Slain by Sigmund (12 damage)
             ... on level 2 of the Dungeon.
             The game lasted 00:03:54 (2537 turns).

sanka the Magician (Djinni Summoner)                Turns: 2537, Time: 00:03:55

Health: 0/33       AC:  2    Str:  7    XL:     4   Next: 67%
Gold:   78         EV: 12    Int: 18    God:
                   SH:  5    Dex: 13

rFire   + + .      SeeInvis .   g - +0 dagger (venom)
rCold   x . .      Faith    .   (no shield)
rNeg    . . .      Spirit   .   a - +0 robe
rPois   ∞          Reflect  +   (no helmet)
rElec   .          Harm     .   (no cloak)
rCorr   .          Rampage  .   (no gloves)
Will    .....                   (boots unavailable)
Stlth   ++........              e - amulet of reflection
HPRegen 0.11/turn               (no ring)
MPRegen 0.00/turn               (no ring)

@: flying
A: sickness immunity, fire resistance 2, cold vulnerability 1, float, innate
caster, hp casting, extra vitality 1
a: no special abilities


You were on level 2 of the Dungeon.
You visited 1 branch of the dungeon, and saw 2 of its levels.

You collected 78 gold pieces.


Innate Abilities, Weirdness & Mutations

You are immune to sickness and miasma.
You are immune to poison.
Your flesh is very heat resistant. (rF++)
You are vulnerable to cold. (rC-)
You float through the air rather than walking.
You learn spells naturally, not from books.
Your magical power is your life essence.
You have superior vitality. (+4 HP)


   Skills:
 + Level 1.7 Fighting
 + Level 3.0 Dodging
 - Level 1.5 Stealth
 - Level 4.0 Spellcasting


You couldn't memorise any spells.
You knew the following spells:

 Your Spells              Type           Power      Damage    Failure   Level
c - Call Canine Familiar  Summ           18%        N/A       9%          3
x - Call Imp              Summ           18%        N/A       4%          2
y - Summon Small Mammal   Summ           72%        N/A       2%          1
z - Sting                 Tmut/Pois      72%        1d6       2%          1
X - Summon Lightning Spi  Summ/Air       18%        N/A       28%         4
Z - Summon Guardian Gole  Hex/Summ       18%        N/A       9%          3
Your spell library was empty.

Inventory:

Hand Weapons
 c - a +0 short sword of venom
 g - a +0 dagger of venom (weapon)
Armour
 a - a +0 robe (worn)
Jewellery
 e - an amulet of reflection (around neck)
Scrolls
 b - a scroll of noise {unknown}
 f - 2 scrolls of enchant weapon {unknown}
 h - a scroll of identify {unknown}

Dungeon Overview and Level Annotations

Branches:
Dungeon (2/15)

Altars:

Shops:
D:2 ?

Annotations:
D:2 1 runed translucent door, Crazy Yiuf, Sigmund

▒▒▒▒▒▒▒▒▒
▒.......▒
▒.......▒ ▒▒▒▒▒▒▒▒
▒....5..▒ ▒
.......▒ ▒.R5{...▒
▒ .......▒
▒▒..▒.▒▒▒ ▒
.......▒ ▒.5▒▒..▒
▒ .......▒
▒.▒▒▒▒.▒▒ ▒
.......▒ ▒▒▒▒.▒
▒..▒▒▒▒ ▒ ....)..▒
▒....▒ ▒▒....▒
▒▒▒▒▒ .......▒
▒.▒▒▒▒
▒▒▒▒.▒▒▒▒....
▒▒.....▒ ▒.▒
▒▒▒▒▒▒▒........▒▒▒
▒.....▒▒▒▒▒.▒
▒.............▒▒


You could see 3 friendly crimson imps.


Message History

Your crimson imp closely misses Sigmund.
Sigmund gestures wildly while chanting.
Sigmund flickers and vanishes!
Deactivating autopickup; reactivate with Ctrl-A.
Something hits your shadow imp!
Your shadow imp dies!
A beastly little devil appears in a puff of flame.
* * * LOW HITPOINT WARNING * * *
Something hits your white imp.
Your white imp dies!
Something hits you.
* * * LOW HITPOINT WARNING * * *
You hit something but do no damage.
You hear some strange, mumbled words.
You are confused.
Unknown command.
Are you sure you want to stumble around while confused and next to your crimson imp?
Okay, then.
Okay, then.
It was a potion of curing.
Something hits you.
* * * LOW HITPOINT WARNING * * *
A beastly little devil appears in a puff of flame.
* * * LOW HITPOINT WARNING * * *
You block something's attack.
A beastly little devil appears in a puff of flame.
* * * LOW HITPOINT WARNING * * *
Something hits you but does no damage. Something hits you!
You die...

Action                   |  1- 3 |  4- 6 || total
-------------------------+-------+-------++-------
Melee: Unarmed           |     4 |       ||     4
       Short sword       |    69 |    18 ||    87
       Dagger            |       |    35 ||    35
 Cast: Summon Small Mamm |    25 |       ||    25
       Sting             |     3 |       ||     3
       Call Imp          |     1 |     7 ||     8
  Use: Potion            |       |     1 ||     1
 Stab: Sleeping          |     1 |     1 ||     2
Armor: Robe              |    21 |     6 ||    27
Dodge: Dodged            |    50 |    32 ||    82
Block: Other             |    16 |    10 ||    26
       Reflection        |       |     1 ||     1

Levels and vault maps discovered:
D:1:      dpeg_arrival_pits, layout_loops_ring
D:2:      layout_rooms, serial_shops, nicolae_square_shop,
          uniq_crazy_yiuf_cottage, uniq_sigmund

Notes
Turn   | Place    | Note
-------+----------+-------------------------------------------
     0 | D:1      | sanka the Djinni Summoner began the quest for the Orb.
     0 | D:1      | Reached XP level 1. HP: 15/15 MP: 0/0
   693 | D:1      | Reached XP level 2. HP: 17/21 MP: 0/0
   993 | D:1      | Reached XP level 3. HP: 21/25 MP: 0/0
   993 | D:1      | Learned a level 1 spell: Sting
  1150 | D:1      | Reached skill level 4 in Spellcasting
  1573 | D:2      | Found Peskowk's Magic Scroll Shop.
  1599 | D:2      | Reached skill level 1 in Fighting
  1657 | D:2      | Reached XP level 4. HP: 29/32 MP: 0/0
  1956 | D:2      | Found a runed translucent door.
  1957 | D:2      | Noticed Crazy Yiuf
  2092 | D:2      | Reached skill level 3 in Dodging
  2480 | D:2      | Noticed Sigmund
  2537 | D:2      | Slain by Sigmund

Vanquished Creatures
  An adder (D:2)
  2 dart slugs
  2 endoplasms (D:2)
  2 giant cockroaches (D:2)
  3 goblins
  8 hobgoblins
  6 jackals
  4 ball pythons
  4 bats
  2 frilled lizards (D:1)
  5 kobolds
  2 rats (D:2)
41 creatures vanquished.

Vanquished Creatures (collateral kills)
  2 adders (D:2)
  4 endoplasms
  2 giant cockroaches (D:1)
  A goblin (D:1)
  3 hobgoblins
  A bat (D:1)
  A frilled lizard (D:1)
  A kobold (D:1)
  A rat (D:1)
16 creatures vanquished.

Grand Total: 57 creatures vanquished
